 Dungeon Crawl Stone Soup version bcrawl-1.17.3 (webtiles) character file.

Game seed: 333400874841863833

14 MisterOstroum the Sneak (level 2, 0/23 HPs)
             Began as a Demonspawn Archaeologist on Oct 18, 2019.
             Slain by a worm (12 damage)
             ... on level 1 of the Dungeon.
             The game lasted 00:05:52 (790 turns).

MisterOstroum the Sneak (Demonspawn Archaeologist)   Turns: 790, Time: 00:05:52

Health: 0/23       AC: 12    Str: 11    XL:     2   Next: 31%
Magic:  2/2        EV: 12    Int: 15    God:
Gold:   95         SH:  0    Dex: 11    Spells: 1/1 levels left

rFire    . . .     SeeInvis .   o - +0 dagger
rCold    . . .     Gourm    .   (no shield)
rNeg     . . .     Faith    .   b - +1 robe
rPois    .         Spirit   .   c - +1 hat
rElec    .         Reflect  .   (no cloak)
rCorr    .         Harm     .   (no gloves)
MR       .....                  d - +1 pair of boots
Stlth    ++........             (no amulet)
HPRegen  0.07/turn              (no ring)
MPRegen  0.08/turn              (no ring)

@: sanguine armour
A: sanguine armour 1
a: no special abilities


You were on level 1 of the Dungeon.
You were not hungry.

You visited 1 branch of the dungeon, and saw 1 of its levels.

You collected 95 gold pieces.

Inventory:

Hand Weapons
 a - a +0 whip
 o - a +0 dagger (weapon)
Missiles
 m - 328 arrows (quivered)
 p - 3 stones
Armour
 b - a +1 robe (worn)
 c - a +1 hat (worn)
 d - a +1 pair of boots (worn)
Jewellery
 k - a +2 amulet of reflection {unknown}
Scrolls
 h - a scroll of teleportation {unknown}
 j - a scroll of fog {unknown}
 l - 2 scrolls of remove curse {unknown}
 n - a scroll of identify {unknown}
Potions
 q - a potion of invisibility {unknown}
Miscellaneous
 f - an ancient crate
 g - a dusty tome
Comestibles
 e - a ration {!d}
 i - 3 chunks of flesh


   Skills:
 + Level 2.4 Fighting
 - Level 0.8 Maces & Flails
 - Level 2.6 Dodging
 - Level 3.0 Stealth


You had one spell level left.
You didn't know any spells.
Your spell library was empty.

Dungeon Overview and Level Annotations

Branches:
Dungeon (1/12)

Altars:


Innate Abilities, Weirdness & Mutations

When seriously injured, your bleeding wounds create armour. (AC +6)


Message History

The hobgoblin hits you but does no damage.
You hit the hobgoblin.
You kill the hobgoblin!
No target in view!
Things that are here:
a cursed -2 club; a hobgoblin corpse You butcher the hobgoblin corpse.
i - 8 chunks of flesh (gained 2)
Things that are here:
a cursed -2 club; a hobgoblin skeleton
Things that are here:
a cursed -2 club; a hobgoblin skeleton
Found a stone staircase leading down.
There is a stone staircase leading down here.
q - a bubbling emerald potion
There is a stone staircase leading down here.
Things that are here:
a cursed -2 club; a hobgoblin skeleton You see here a +0 dagger.
You see here a goblin skeleton.
A frilled lizard comes into view.
You see here 18 gold pieces.
The frilled lizard bites you.
You closely miss the frilled lizard.
The frilled lizard bites you but does no damage.
You hit the frilled lizard.
You kill the frilled lizard!
No target in view!
No target in view!
You now have 95 gold pieces (gained 18).
A rat comes into view.
The rat barely misses you.
You hit the rat.
You kill the rat!
No target in view!
A worm comes into view.
Some of the chunks of flesh in your inventory have rotted away.
Tossing away (i - inventory. (/) - cycle)
m - 329 arrows (quivered)
Press: ? - help, Shift-Dir - straight line, f - worm
Aim: a worm You toss away an arrow.
The arrow hits the worm but does no damage.
You hit the worm.
The worm is lightly wounded.
The worm bites you but does no damage.
You barely miss the worm.
The worm is lightly wounded.
You barely miss the worm.
The worm is lightly wounded.
The worm bites you!
Your blood congeals into armour.
You hit the worm but do no damage. The worm barely misses you.
You barely miss the worm. You barely miss the worm.
The worm closely misses you.
You hit the worm.
The worm is lightly wounded.
You hit the worm but do no damage.
The worm is lightly wounded.
The worm bites you but does no damage.
You hit the worm.
The worm is lightly wounded.
The worm barely misses you.
You hit the worm.
The worm is lightly wounded.
You hit the worm.
The worm is moderately wounded.
The worm bites you but does no damage.
You hit the worm.
The worm is moderately wounded.
You barely miss the worm.
The worm is moderately wounded.
The worm barely misses you.
You hit the worm.
The worm is heavily wounded.
The worm bites you.
You hit the worm.
The worm is heavily wounded.
You hit the worm.
The worm is heavily wounded.
The worm closely misses you.
You hit the worm.
The worm is heavily wounded.
Some of the chunks of flesh in your inventory have rotted away.
You hit the worm but do no damage.
The worm is heavily wounded.
The worm bites you.
You hit the worm but do no damage.
The worm is heavily wounded.
The worm closely misses you.
You hit the worm.
The worm is heavily wounded.
You hit the worm but do no damage.
The worm is heavily wounded.
The worm misses you.
You hit the worm.
The worm is severely wounded.
You hit the worm but do no damage.
The worm is severely wounded.
The worm bites you!
Ouch! That really hurt!
You die...

###
#..
#.#
#w#
#@#
#.#
#.#
#.#
#.#
#.#
#####
#.#
#....
#.#
#.[..
#.#
+....


You could see a worm.

Vanquished Creatures
  2 goblins (D:1)
  5 hobgoblins (D:1)
  2 bats (D:1)
  A frilled lizard (D:1)
  A kobold (D:1)
  3 rats (D:1)
14 creatures vanquished.

Notes
Turn   | Place    | Note
-------+----------+-------------------------------------------
     0 | D:1      | MisterOstroum the Demonspawn Archaeologist began the quest
                  | for the Orb.
     0 | D:1      | Reached XP level 1. HP: 15/15 MP: 1/1
   574 | D:1      | Gained mutation: When seriously injured, your bleeding
                  | wounds create armour. (AC +6) [demonic ancestry]
   574 | D:1      | Reached XP level 2. HP: 22/22 MP: 2/2
   790 | D:1      | Slain by a worm

Skill      XL: |  1 |
---------------+----+-----
Fighting       | 2 |  2.4
Maces & Flails | |  0.8
Dodging        | |  2.6
Stealth        | |  3.0

Action                   || total
-------------------------++-------
Melee: Whip              ||    54
       Dagger            ||    43
 Stab: Sleeping          ||     3
Armor: Robe              ||    33
Dodge: Dodged            ||    50
